 Dungeon Crawl Stone Soup version 0.26-a0-1086-g9010512d90 (webtiles) character file.

Game seed: 17411003491575978232

7 sahdkjhfkaj the Chopper (level 2, 0/26 HPs)
             Began as a Hill Orc Monk on Dec 14, 2020.
             Succumbed to a kobold's poison
             ... on level 1 of the Dungeon.
             The game lasted 00:00:37 (288 turns).

sahdkjhfkaj the Chopper (Hill Orc Monk)              Turns: 288, Time: 00:00:38

Health: 0/26       AC:  2    Str: 11 (13) XL:     2   Next: 0%
Magic:  2/2        EV: 12    Int:  7 (10) God:
Gold:   7          SH:  0    Dex: 11 (13) Spells: 1/1 levels left

rFire    . . .     SeeInvis .   c - +2 dagger (venom)
rCold    . . .     Faith    .   (no shield)
rNeg     . . .     Spirit   .   b - +0 robe
rPois    .         Reflect  .   (no helmet)
rElec    .         Harm     .   (no cloak)
rCorr    .         Rampage  .   (no gloves)
Will     .....                  (no boots)
Stlth    ++........             (no amulet)
HPRegen  0.08/turn              (no ring)
MPRegen  0.08/turn              (no ring)

@: lethally poisoned (0 -> -4), attractive, very slightly contaminated,
invisible
A: no striking features
a: no special abilities


You were on level 1 of the Dungeon.
You visited 1 branch of the dungeon, and saw 1 of its levels.

You collected 7 gold pieces.

Inventory:

Hand Weapons
 a - a +0 hand axe
 c - a +2 dagger of venom (weapon)
   (You took it off a kobold on level 1 of the Dungeon)
Armour
 b - a +0 robe (worn)


   Skills:
 - Level 3.6 Fighting
 + Level 4.7 Axes
 - Level 2.4 Dodging
 - Level 1.5 Stealth


You had one spell level left.
You didn't know any spells.
Your spell library was empty.

Dungeon Overview and Level Annotations

Branches:
Dungeon (1/15)

Altars:


Message History

* * * LOW HITPOINT WARNING * * *
You feel sick. The dart slug misses you.
You hit the dart slug.
* * * LOW HITPOINT WARNING * * *
You feel sick. The dart slug bites you.
* * * LOW HITPOINT WARNING * * *
You aren't carrying any potions.
You hit the dart slug.
You kill the dart slug!
* * * LOW HITPOINT WARNING * * *
You feel sick.
You have reached level 2!
You see here a dart slug corpse.
* * * LOW HITPOINT WARNING * * *
You feel sick.
Things that are here:
a +2 dagger of venom; a kobold corpse You aren't carrying any scrolls.
c - a +2 dagger of venom
* * * LOW HITPOINT WARNING * * *
You feel sick.
* * * LOW HITPOINT WARNING * * *
You feel sick.
You see here a golden potion.
It was a potion of degeneration.
There was something very wrong with that liquid.
You feel weakened.
You feel dopey.
You feel clumsy.
Unknown command.
* * * LOW HITPOINT WARNING * * *
You feel sick.
* * * LOW HITPOINT WARNING * * *
You feel sick.
You see here a bubbling silvery potion.
It was a potion of attraction.
You feel attractive to monsters.
You see here 2 pink potions.
It was a potion of invisibility.
You fade into invisibility!
You are very lightly contaminated with residual magic.
You fade further into invisibility.
* * * LOW HITPOINT WARNING * * *
You feel sick.
You aren't carrying any items that you can evoke.
Your +2 dagger of venom begins to drip with poison!
c - a +2 dagger of venom (weapon)
A bat comes into view.
The bat moves out of view.
The bat is pulled toward you!
You closely miss the bat.
You die...

#..............
##..............
#...............
#..........^....
#...............
#.......[.......
#......†........
#...b.......[...
#..@..†.........
#...............
#...............
#..........?....
#...............
#...............
#...###########
. #.### #.#


You could see a bat.

Vanquished Creatures
  A dart slug (D:1)
  A giant cockroach (D:1)
  A hobgoblin (D:1)
  2 kobolds (D:1)
5 creatures vanquished.

Notes
Turn   | Place    | Note
-------+----------+-------------------------------------------
     0 | D:1      | sahdkjhfkaj the Hill Orc Monk began the quest for the Orb.
     0 | D:1      | Reached XP level 1. HP: 19/19 MP: 1/1
   271 | D:1      | Reached XP level 2. HP: 5/26 MP: 2/2
   280 | D:1      | HP: 1/26 [poisoned by a kobold]
   288 | D:1      | Succumbed to a kobold's poison

Illustrated notes

Levels and vault maps discovered:
D:1:      dpeg_arrival_arbitrary_a, layout_rooms, minmay_misc_feat_rows,
          wad_floor_pattern_1, chequers_serial_rivers_small_3

Action                   || total
-------------------------++-------
Melee: Hand axe          ||    13
       Dagger            ||     1
  Use: Potion            ||     4
 Stab: Sleeping          ||     1
Armor: Robe              ||     2
Dodge: Dodged            ||     7

Table legend: (Time is in decaauts)
 A = Elapsed time spent in this place.
 B = Non-inter-level travel time spent in this place.
 C = Inter-level travel time spent in this place.
 D = Time resting spent in this place.
 E = Time spent auto-exploring this place.
 F = Levels seen in this place.
 G = Mean time per level.
                   A        B        C        D        E       F      G
               +--------+--------+--------+--------+--------+-----+--------+
         Total |    288 |    288 |      0 |      0 |    236 |   1 |  288.0 |
       Dungeon |    288 |    288 |      0 |      0 |    236 |   1 |  288.0 |
               +--------+--------+--------+--------+--------+-----+--------+

Top non-repeatable levels by time:
     D:1: 288 daAuts
